[Event "58th Akiba Rubinstein D 2022"]
[Site "Polanica-Zdroj"]
[Date "2022.08.19"]
[Round "7.28"]
[White "Paziewski, Marcin"]
[Black "Markiewicz, Jacek"]
[Result "*"]
[ECO "E91"]
[WhiteElo "1413"]
[BlackElo "1610"]
[Annotator "NA RC"]
[PlyCount "122"]
[EventDate "2022.08.13"]
[EventCountry "POL"]
[SourceTitle "playchess.com"]
[Source "ChessBase"]
[SourceQuality "1"]
[TimeControl "40/5400+30:1800+30"]

1. d4 Nf6 2. c4 d6 3. Nf3 g6 4. Nc3 Bg7 5. e4 O-O 6. Be2 Nbd7 7. O-O e5 8. Qc2 exd4 9. Nxd4 Nc5 10. Rd1 Ng4 11. b4 Ne6 12. Nxe6 Bxe6 13. c5 Nxf2 14. Rf1 Bxc3 15. Qxc3 Nxe4 16. Qd4 f5 17. Bb2 Nf6 18. g4 dxc5 19. Qe5 Qd6 20. g5 Qxe5 21. Bxe5 Ne4 22. bxc5 c6 23. h4 Rad8 24. Rfd1 Bd5 25. Bd4 Be6 26. Be5 Bd5 27. Bd4 Rfe8 28. Rab1 Rd7 29. Ra1 Rdd8 30. Rab1 Rd7 31. Rb2 Ree7 32. Rbb1 Re8 33. Rb2 Ree7 34. a4 Kf7 35. a5 a6 36. Bf3 Nxc5 37. Bxc5 Bxf3 38. Rdb1 Be4 39. Re1 Re5 40. Bb6 Red5 41. Ree2 Rd1+ 42. Kf2 R1d3 43. Kg1 Rd1+ 44. Kf2 R1d3 45. Re3 R3d5 46. Ree2 Rd3 47. Re3 Rd2+ 48. Re2 Rxe2+ 49. Kxe2 Ke6 50. Ke1 Ke5 51. Kf2 f4 52. Re2 Rd3 53. Rb2 Rh3 54. Bc7+ Kf5 55. Rxb7 Rh2+ 56. Ke1 Kg4 57. Rb4 Kf5 58. Rb7 Kg4 59. Rb4 Kf3 60. Rb3+ Kg4 61. Rb4 Rh1+ *

[Event "58th Akiba Rubinstein D 2022"]
[Site "Polanica-Zdroj"]
[Date "2022.08.19"]
[Round "7.29"]
[White "Perucki, Maciej"]
[Black "Rosa, Antoni"]
[Result "1-0"]
[ECO "C00"]
[WhiteElo "1449"]
[BlackElo "1598"]
[Annotator "NA RC"]
[PlyCount "60"]
[EventDate "2022.08.13"]
[EventCountry "POL"]
[SourceTitle "playchess.com"]
[Source "ChessBase"]
[SourceQuality "1"]
[TimeControl "40/5400+30:1800+30"]

1. e4 e6 2. d3 d5 3. Nd2 dxe4 4. dxe4 Nd7 5. Ngf3 b6 6. g3 Bb7 7. Bg2 Ngf6 8. Qe2 Bc5 9. O-O O-O 10. b3 Qe7 11. Bb2 a5 12. a4 Rfd8 13. h3 c6 14. Rfd1 Ba6 15. c4 e5 16. Ne1 Ne8 17. Kh1 Bb4 18. Nd3 Nc7 19. f4 Ne6 20. Nf3 exf4 21. gxf4 Ndc5 22. Nfe5 Nxd3 23. Nxd3 b5 24. Nxb4 Qxb4 25. f5 Nc7 26. Qg4 Ne8 27. Bxg7 Nxg7 28. f6 Qf8 29. axb5 cxb5 30. e5 Rab8 1-0

[Event "58th Akiba Rubinstein D 2022"]
[Site "Polanica-Zdroj"]
[Date "2022.08.19"]
[Round "7.30"]
[White "Litwin, Tomasz"]
[Black "Galazka, Michal"]
[Result "1/2-1/2"]
[ECO "A00"]
[WhiteElo "1580"]
[BlackElo "1216"]
[Annotator "NA RC"]
[PlyCount "72"]
[EventDate "2022.08.13"]
[EventCountry "POL"]
[SourceTitle "playchess.com"]
[Source "ChessBase"]
[SourceQuality "1"]
[TimeControl "40/5400+30:1800+30"]

1. b4 d5 2. Bb2 Bf5 3. e3 Nf6 4. Nf3 h6 5. c4 e6 6. Qb3 c6 7. d4 Nbd7 8. Nbd2 Be7 9. a4 O-O 10. Be2 a6 11. b5 axb5 12. axb5 Rxa1+ 13. Bxa1 cxb5 14. cxd5 exd5 15. Qxb5 Qb6 16. O-O Qxb5 17. Bxb5 Rc8 18. Nb3 Bb4 19. Rc1 Rxc1+ 20. Nxc1 Kf8 21. Kf1 Ke7 22. Ke2 Ne4 23. Nd3 Bc3 24. Bxd7 Bxd7 25. Bxc3 Nxc3+ 26. Kd2 Ne4+ 27. Kc2 f6 28. Nfe1 Kd8 29. f3 Nd6 30. Kb3 Nf5 31. Nc2 Nh4 32. Nde1 Bc6 33. g3 Nf5 34. Nd3 Ne7 35. Nc5 g6 36. e4 b6 1/2-1/2

[Event "58th Akiba Rubinstein D 2022"]
[Site "Polanica-Zdroj"]
[Date "2022.08.20"]
[Round "8.1"]
[White "Gibala, Adam"]
[Black "Jasiulewicz, Dawid"]
[Result "0-1"]
[ECO "B90"]
[WhiteElo "1549"]
[BlackElo "1525"]
[Annotator "NA RC"]
[PlyCount "86"]
[EventDate "2022.08.13"]
[EventCountry "POL"]
[SourceTitle "playchess.com"]
[Source "ChessBase"]
[SourceQuality "1"]
[TimeControl "40/5400+30:1800+30"]

1. e4 c5 2. Nf3 d6 3. d4 cxd4 4. Nxd4 Nf6 5. Nc3 a6 6. Be3 e5 7. Nf3 Qc7 8. Be2 Be7 9. O-O O-O 10. a4 Nc6 11. Nd5 Nxd5 12. exd5 Na5 13. Nd2 f5 14. f3 b6 15. b4 Qc3 16. Bxb6 Qxb4 17. Rb1 Qc3 18. Nb3 Bd8 19. Bf2 Bd7 20. Kh1 Nxb3 21. cxb3 a5 22. Rc1 Qb4 23. Be1 Qb7 24. f4 exf4 25. Bc4 Bb6 26. Bd2 Be3 27. Bxe3 fxe3 28. Qd4 Rae8 29. Qf4 Qb6 30. Rce1 Re4 31. Qg5 Qd4 32. Rf3 Rfe8 33. Qg3 f4 34. Qh4 Bxa4 35. g3 fxg3 36. Qxg3 Qe5 37. Qh3 Qc3 38. Rg1 R4e7 39. Qh4 Bd7 40. Rfg3 Bf5 41. Be2 Be4+ 42. Bf3 Bxf3+ 43. Rxf3 Qe5 0-1

[Event "58th Akiba Rubinstein D 2022"]
[Site "Polanica-Zdroj"]
[Date "2022.08.20"]
[Round "8.2"]
[White "Galuszka, Kamil"]
[Black "Lewandrowski, Tomasz"]
[Result "*"]
[ECO "B20"]
[WhiteElo "1976"]
[BlackElo "1902"]
[Annotator "RC"]
[PlyCount "69"]
[EventDate "2022.08.13"]
[EventCountry "POL"]
[SourceTitle "playchess.com"]
[Source "ChessBase"]
[SourceQuality "1"]
[TimeControl "40/5400+30:1800+30"]

1. e4 c5 2. Qe2 Nc6 3. Nf3 d6 4. g3 e6 5. Bg2 g6 6. O-O Bg7 7. c3 Nge7 8. Na3 O-O 9. Nc2 e5 10. d3 Qc7 11. Nfe1 Rb8 12. f4 b5 13. f5 gxf5 14. exf5 Bxf5 15. Rxf5 Nxf5 16. Qh5 Nfe7 17. Nf3 f6 18. Bh3 Qd8 19. Be6+ Kh8 20. Ne3 Qe8 21. Qh3 Nd8 22. Bd7 Qf7 23. Nh4 Rg8 24. Nef5 Nxf5 25. Ng6+ Qxg6 26. Bxf5 Qxf5 27. Qxf5 Nf7 28. a4 b4 29. Qd7 Rgf8 30. cxb4 Rxb4 31. Qxa7 e4 32. dxe4 Rxe4 33. Bf4 f5 34. Ra2 Re2 35. Qb7 *

[Event "58th Akiba Rubinstein D 2022"]
[Site "Polanica-Zdroj"]
[Date "2022.08.20"]
[Round "8.3"]
[White "Kraczek, Cezary"]
[Black "Zerebiec, Maurycy"]
[Result "*"]
[ECO "A04"]
[WhiteElo "1657"]
[BlackElo "1915"]
[Annotator "TA"]
[PlyCount "72"]
[EventDate "2022.08.13"]
[EventCountry "POL"]
[SourceTitle "playchess.com"]
[Source "ChessBase"]
[SourceQuality "1"]
[TimeControl "40/5400+30:1800+30"]

1. Nf3 c5 2. g3 Nc6 3. Bg2 e5 4. d3 g6 5. e4 Bg7 6. O-O Nge7 7. Nbd2 O-O 8. Re1 d6 9. c3 h6 10. Nf1 {[%emt 0:05:33] A04: Unusual lines after 1 Nf3 and King's Indian Attack.} (10. a3 $11) 10... Be6 $15 11. Be3 f5 12. exf5 {[%emt 0:02:25] Black is slightly better.} Nxf5 {[%emt 0:00:45] [#]} 13. Qd2 $146 (13. a3 $15) ({Predecessor:} 13. Bc1 Qd7 14. Ne3 Nfe7 15. c4 Rf7 16. Rf1 Raf8 17. Rb1 Bh3 18. Ne1 Bxg2 19. N3xg2 {½-½ (50) Wealer,C (1712)-Filipovic,S (2226) Luxembourg 2013}) 13... Qf6 14. Rad1 Rae8 15. b4 g5 ({Black should play} 15... cxb4 $17 16. cxb4 Nce7) 16. h3 (16. bxc5 $11 d5 17. g4 Nxe3 18. Nxe3) 16... Qe7 (16... cxb4 $15 17. cxb4 Bd5) 17. bxc5 $11 dxc5 18. g4 Nxe3 19. Qxe3 Rf4 (19... Qd6 $1 $11) 20. Ng3 $14 {[%emt 0:02:31] White now steadily converts the win.} Ref8 (20... e4 $142 21. dxe4 Na5) 21. Nh5 $16 R4f7 (21... Bd5 $142) 22. Nxg7 $18 Kxg7 23. Nxe5 Rxf2 (23... Rf6 $142 24. h4 (24. Nxc6 bxc6 25. Qe5 Qd8 $16) 24... Rxf2 25. Nxc6 Rxg2+ 26. Kxg2 Bd5+ 27. Kg1 Qxe3+ 28. Rxe3 Bxc6 29. hxg5 hxg5) 24. Nxc6 {[%emt 0:01:31] The board is on fire.} Rxg2+ 25. Kxg2 Bd5+ 26. Kg1 Qxe3+ 27. Rxe3 Bxc6 {[%emt 0:00:10][%mdl 4096] Endgame KRR-KRB} 28. d4 cxd4 29. cxd4 ({But not} 29. Rxd4 Rf6 30. Re7+ Kf8) 29... Rd8 30. Re5 Bd5 31. a4 Rd7 32. Rde1 Kf6 33. Rf1+ Kg6 34. a5 b5 35. axb6 axb6 36. Rb1 Rd6 {[%emt 0:00:02] Weighted Error Value: White=0.18 (very precise) /Black=0.39} *

[Event "58th Akiba Rubinstein D 2022"]
[Site "Polanica-Zdroj"]
[Date "2022.08.20"]
[Round "8.4"]
[White "Meizlin, Yaacov"]
[Black "Stepinski, Piotr"]
[Result "*"]
[ECO "A15"]
[WhiteElo "1938"]
[BlackElo "1568"]
[Annotator "TA"]
[PlyCount "43"]
[EventDate "2022.08.13"]
[EventCountry "POL"]
[SourceTitle "playchess.com"]
[Source "ChessBase"]
[SourceQuality "1"]
[TimeControl "40/5400+30:1800+30"]

1. c4 Nf6 2. g3 g6 3. Bg2 Bg7 4. Nc3 d6 5. Nf3 e5 6. d4 exd4 7. Nxd4 O-O 8. O-O Nbd7 9. h3 Nb6 10. b3 {[%emt 0:09:38] E67: King's Indian: Fianchetto: 6...Nbd7.} Re8 {[%emt 0:10:42] [#]} (10... d5 $11) 11. Bg5 $146 (11. e4 $14 {might be stronger.}) ({Predecessor:} 11. e4 c5 12. Nc2 a6 13. Rb1 Be6 14. Ne3 Nfd7 15. Ncd5 Bxd5 16. Nxd5 Nxd5 17. Qxd5 Qc7 18. Bf4 Re6 19. Rbd1 {0-1 (39) Khalifman,A (2612)-Topalov,V (2813) Zuerich 2009}) 11... h6 $11 12. Be3 c6 13. Qd2 d5 (13... Kh7 $11) 14. cxd5 {[%emt 0:03:44] White is more active.} (14. Bxh6 {with more complications.} dxc4 15. Rad1 Bxh6 16. Qxh6 Qe7 17. e4) 14... Nbxd5 15. Nxd5 cxd5 (15... Nxd5 $14 16. Bxh6 Nc3) 16. Rac1 (16. Bxh6 $16 Ne4 17. Bxe4 dxe4 18. Bxg7 Kxg7 19. g4) 16... Ne4 {[%emt 0:10:59] The position is equal.} 17. Qd3 Bd7 18. Rfd1 a6 19. a4 Qe7 20. Rc7 Rac8 21. Rdc1 Rxc7 22. Rxc7 {[%emt 0:00:01] Weighted Error Value: White=0.21 (precise) /Black=0.23 (precise)} *

[Event "58th Akiba Rubinstein D 2022"]
[Site "Polanica-Zdroj"]
[Date "2022.08.20"]
[Round "8.5"]
[White "Wilgosz, Jan"]
[Black "Liskiewicz, Jakub"]
[Result "0-1"]
[ECO "B09"]
[WhiteElo "1597"]
[BlackElo "1910"]
[Annotator "TA"]
[PlyCount "37"]
[EventDate "2022.08.13"]
[EventCountry "POL"]
[SourceTitle "playchess.com"]
[Source "ChessBase"]
[SourceQuality "1"]
[TimeControl "40/5400+30:1800+30"]

1. e4 d6 2. d4 Nf6 3. Nc3 g6 4. f4 Bg7 5. Nf3 O-O 6. e5 Nfd7 7. h4 c5 8. h5 cxd4 9. hxg6 dxc3 10. gxf7+ Rxf7 11. Bc4 {[%emt 0:02:43] [#]} Nf8 $1 {[%emt 0:09:10] B09: Pirc Defence: Austrian Attack.} 12. Ng5 {[%emt 0:12:47][%mdl 64] Pin} (12. Qd5 $2 e6 13. Qd4 cxb2 14. Bxb2 Nc6 $19) 12... e6 13. Nxf7 $16 {[%emt 0:03:26] White is more active.} Kxf7 {[%emt 0:01:30] White is clearly better.} 14. Qh5+ (14. bxc3 Kg8 $11) 14... Kg8 {[%emt 0:02:20] [#]} 15. f5 $1 {[%emt 0:03:13] And now f6 would win. The board is on fire.} (15. bxc3 Qc7 16. Bd3 (16. Qe2 $2 d5 $19) 16... Qxc3+ 17. Kf2 h6 $11) 15... Qa5 {[%emt 0:11:30] Hoping for ...cxb2+.} 16. fxe6 $2 (16. O-O $1 $14 {was forced to keep a grip.} Qc5+ 17. Rf2) 16... cxb2+ $19 17. Ke2 {[%emt 0:10:25] White threatens e7+ and mate.} Qc7 (17... bxa1=Q {is a self mate.} 18. e7+ d5 19. Bxd5+ Qxd5 20. exf8=Q+ Kxf8 21. Ba3+) ({Inferior is} 17... Bxe6 18. Bxe6+ Nxe6 19. Qxh7+ (19. Qe8+ $2 Nf8 $19) 19... Kf8 20. Qf5+ Ke7 21. exd6+ (21. Bg5+ Kd7 $15) 21... Kd7 22. Qxa5 $11) (17... bxc1=N+ $19 18. Raxc1 Qc7) 18. Bb3 $2 {[%emt 0:12:49][%mdl 8192] [#]} (18. Qf7+ $17 Qxf7 19. exf7+ Kh8 20. Bxb2) 18... bxc1=N+ $146 (18... bxa1=Q {[#] gets mated.} 19. Qxh7+ $3 Nxh7 20. e7+) ({Predecessor:} 18... d5 19. Bxb2 Bxe6 20. Raf1 Nbd7 21. Rf3 Nc5 22. Kd1 Rc8 23. Rc3 Qxe5 24. Qxe5 Bxe5 25. Rxc5 Bg4+ {0-1 (25) Schneider,A-Forgacs,G Hungary 1975}) 19. Raxc1 {[%emt 0:02:37] Weighted Error Value: White=1.00/Black=0.90} 0-1

[Event "58th Akiba Rubinstein D 2022"]
[Site "Polanica-Zdroj"]
[Date "2022.08.20"]
[Round "8.6"]
[White "Mareau, Timothe"]
[Black "Kryzia, Wiktor"]
[Result "*"]
[ECO "B21"]
[WhiteElo "1590"]
[BlackElo "1764"]
[Annotator "NA RC"]
[PlyCount "44"]
[EventDate "2022.08.13"]
[EventCountry "POL"]
[SourceTitle "playchess.com"]
[Source "ChessBase"]
[SourceQuality "1"]
[TimeControl "40/5400+30:1800+30"]

1. e4 c5 2. d4 cxd4 3. c3 dxc3 4. Nxc3 Nc6 5. Nf3 e6 6. Bc4 a6 7. O-O b5 8. Bb3 Bb7 9. Qe2 Na5 10. Bc2 Rc8 11. Rd1 Nf6 12. Bg5 Be7 13. e5 Nd5 14. Ne4 O-O 15. Qd3 g6 16. a3 Nc4 17. Bb3 Bxg5 18. Nfxg5 Nxe5 19. Qg3 d6 20. Qh3 h5 21. Nxe6 Nf4 22. Nxf4 Bxe4 *

[Event "58th Akiba Rubinstein D 2022"]
[Site "Polanica-Zdroj"]
[Date "2022.08.20"]
[Round "8.7"]
[White "Marek, Grzegorz"]
[Black "Straszewski, Tomasz"]
[Result "*"]
[ECO "A01"]
[WhiteElo "1478"]
[BlackElo "1716"]
[Annotator "NA RC"]
[PlyCount "76"]
[EventDate "2022.08.13"]
[EventCountry "POL"]
[SourceTitle "playchess.com"]
[Source "ChessBase"]
[SourceQuality "1"]
[TimeControl "40/5400+30:1800+30"]

1. b3 e5 2. Bb2 Nc6 3. e3 Nf6 4. d4 d6 5. dxe5 Nxe5 6. Bxe5 dxe5 7. Qxd8+ Kxd8 8. Bc4 Ke8 9. Nf3 Bd6 10. Nbd2 Bf5 11. O-O-O Ke7 12. Kb2 Ng4 13. Rhf1 f6 14. Be2 c6 15. h3 Nh6 16. Nc4 Bc7 17. Rd2 Nf7 18. Rfd1 b5 19. Nh4 Be6 20. Na3 Nd6 21. Rf1 a5 22. c4 b4 23. Nc2 Ne4 24. Rd3 Nc3 25. Bg4 Rhd8 26. Rxd8 Rxd8 27. Bxe6 Kxe6 28. Nf3 Rd1 29. Re1 Rxe1 30. Nfxe1 Nd1+ 31. Kc1 Nxf2 32. Kd2 Ne4+ 33. Kd3 Nc3 34. a3 e4+ 35. Kd4 Be5+ 36. Kc5 Kd7 37. axb4 Bd6+ 38. Kb6 axb4 *

[Event "58th Akiba Rubinstein D 2022"]
[Site "Polanica-Zdroj"]
[Date "2022.08.20"]
[Round "8.9"]
[White "Markiewicz, Czeslaw"]
[Black "Stachowiak, Bruno"]
[Result "1-0"]
[ECO "B30"]
[WhiteElo "1750"]
[BlackElo "1462"]
[Annotator "NA RC"]
[PlyCount "59"]
[EventDate "2022.08.13"]
[EventCountry "POL"]
[SourceTitle "playchess.com"]
[Source "ChessBase"]
[SourceQuality "1"]
[TimeControl "40/5400+30:1800+30"]

1. e4 c5 2. Nf3 Nc6 3. d3 g6 4. Be2 Bg7 5. O-O d6 6. c3 e5 7. Nbd2 Nge7 8. a4 O-O 9. Nc4 f5 10. Qb3 Kh8 11. Rd1 Rb8 12. a5 Be6 13. Ng5 Bg8 14. Qa4 h6 15. Nf3 d5 16. Ne3 d4 17. Nc4 Bxc4 18. Qxc4 fxe4 19. dxe4 Nxa5 20. Qe6 Rf6 21. Qh3 Nb3 22. Bxh6 Rxf3 23. gxf3 Qg8 24. Ra3 c4 25. Bg5+ Qh7 26. Qxh7+ Kxh7 27. Bxe7 b5 28. Rxa7 d3 29. Bf1 Kh6 30. h4 1-0

[Event "58th Akiba Rubinstein D 2022"]
[Site "Polanica-Zdroj"]
[Date "2022.08.20"]
[Round "8.10"]
[White "Wilgosz, Tomasz"]
[Black "Grzebieniowski, Michal"]
[Result "*"]
[ECO "B12"]
[WhiteElo "1513"]
[BlackElo "1710"]
[Annotator "NA RC"]
[PlyCount "61"]
[EventDate "2022.08.13"]
[EventCountry "POL"]
[SourceTitle "playchess.com"]
[Source "ChessBase"]
[SourceQuality "1"]
[TimeControl "40/5400+30:1800+30"]

1. e4 c6 2. d4 d5 3. e5 Bf5 4. c4 e6 5. Nc3 Ne7 6. Bd3 Bxd3 7. Qxd3 Nf5 8. Nf3 Na6 9. a3 Nc7 10. O-O Be7 11. Bf4 O-O 12. Rac1 Qd7 13. cxd5 Nxd5 14. Be3 Rfe8 15. Ne4 Bf8 16. g4 Nfe7 17. Nd6 Reb8 18. Ng5 f5 19. exf6 Nxf6 20. Nde4 Ned5 21. Rfe1 h6 22. Nxf6+ Nxf6 23. Ne4 Nxg4 24. h3 Ne5 25. Qe2 Nf7 26. Qg4 Be7 27. f3 Qd5 28. Kf2 Qf5 29. Qg3 Rf8 30. Rg1 Bg5 31. h4 *

[Event "58th Akiba Rubinstein D 2022"]
[Site "Polanica-Zdroj"]
[Date "2022.08.20"]
[Round "8.11"]
[White "Klisowski, Bartosz"]
[Black "Soszka, Szymon"]
[Result "*"]
[ECO "D78"]
[WhiteElo "1595"]
[BlackElo "1355"]
[Annotator "NA RC"]
[PlyCount "75"]
[EventDate "2022.08.13"]
[EventCountry "POL"]
[SourceTitle "playchess.com"]
[Source "ChessBase"]
[SourceQuality "1"]
[TimeControl "40/5400+30:1800+30"]

1. Nf3 d5 2. g3 Nf6 3. Bg2 g6 4. O-O Bg7 5. d4 O-O 6. c4 c6 7. Nc3 Bf5 8. cxd5 Nxd5 9. Nxd5 Qxd5 10. Ne5 Qe6 11. e4 Bh3 12. Bxh3 Qxh3 13. Qb3 Nd7 14. Bf4 Nxe5 15. dxe5 b6 16. Rac1 c5 17. Rfd1 h6 18. Qc3 g5 19. Be3 Rfd8 20. Rd5 Qe6 21. Rcd1 Rxd5 22. Rxd5 f5 23. exf6 exf6 24. Qd3 Re8 25. f3 g4 26. fxg4 Qxg4 27. Rd8 Rxd8 28. Qxd8+ Kh7 29. Qd5 Kg6 30. b3 h5 31. Bf4 h4 32. Qd3 hxg3 33. hxg3 Qe6 34. Bb8 Qe7 35. e5+ Kg5 36. Qe3+ Kf5 37. Qf4+ Ke6 38. Qc4+ *

[Event "58th Akiba Rubinstein D 2022"]
[Site "Polanica-Zdroj"]
[Date "2022.08.20"]
[Round "8.13"]
[White "Gbiorczyk, Mikolaj"]
[Black "Misiek, Stanislaw"]
[Result "1-0"]
[ECO "D11"]
[WhiteElo "1781"]
[BlackElo "1427"]
[Annotator "NA RC"]
[PlyCount "41"]
[EventDate "2022.08.13"]
[EventCountry "POL"]
[SourceTitle "playchess.com"]
[Source "ChessBase"]
[SourceQuality "1"]
[TimeControl "40/5400+30:1800+30"]

1. d4 d5 2. c4 c6 3. Nf3 Nf6 4. e3 e6 5. Bd3 Nbd7 6. b3 Bd6 7. Bb2 b6 8. O-O Bb7 9. Nbd2 O-O 10. Ne5 c5 11. Ndf3 Rc8 12. Qe2 Qc7 13. Rac1 Rfd8 14. Rfd1 Qb8 15. h3 Bf8 16. Ng5 Nxe5 17. dxe5 Ne4 18. Bxe4 dxe4 19. Qh5 h6 20. Qxf7+ Kh8 21. Nxe6 1-0

[Event "58th Akiba Rubinstein D 2022"]
[Site "Polanica-Zdroj"]
[Date "2022.08.20"]
[Round "8.14"]
[White "Sola, Wojciech"]
[Black "Serewa, Antoni"]
[Result "1/2-1/2"]
[ECO "D15"]
[WhiteElo "1780"]
[BlackElo "1542"]
[Annotator "NA RC"]
[PlyCount "48"]
[EventDate "2022.08.13"]
[EventCountry "POL"]
[SourceTitle "playchess.com"]
[Source "ChessBase"]
[SourceQuality "1"]
[TimeControl "40/5400+30:1800+30"]

1. c4 c6 2. Nc3 d5 3. d4 Nf6 4. Nf3 a6 5. Bf4 b5 6. cxd5 cxd5 7. e3 e6 8. Bd3 Bb7 9. h3 Nbd7 10. Rc1 Rc8 11. O-O Be7 12. Qe2 O-O 13. Bb1 b4 14. Na4 Qa5 15. b3 Bc6 16. Bd3 Bb5 17. Ne5 Nxe5 18. Bxe5 Ne4 19. f3 Nc3 20. Nxc3 bxc3 21. Rc2 Ba3 22. Bg3 Rc6 23. Rd1 Rfc8 24. Be1 h6 1/2-1/2

[Event "58th Akiba Rubinstein D 2022"]
[Site "Polanica-Zdroj"]
[Date "2022.08.20"]
[Round "8.15"]
[White "Huchwajda, Katarzyna"]
[Black "Krygiel, Konrad"]
[Result "*"]
[ECO "A15"]
[WhiteElo "1768"]
[BlackElo "1603"]
[Annotator "NA RC"]
[PlyCount "52"]
[EventDate "2022.08.13"]
[EventCountry "POL"]
[SourceTitle "playchess.com"]
[Source "ChessBase"]
[SourceQuality "1"]
[TimeControl "40/5400+30:1800+30"]

1. c4 Nf6 2. g3 e6 3. Bg2 d5 4. Nf3 c5 5. O-O Nc6 6. cxd5 exd5 7. d4 cxd4 8. Nxd4 Be7 9. Nc3 O-O 10. e3 Bb4 11. Nde2 Be6 12. a3 Bxc3 13. Nxc3 Qd7 14. b4 Rfd8 15. Ne2 Bh3 16. Bb2 Bxg2 17. Kxg2 Qf5 18. Nd4 Qe4+ 19. Kg1 Rac8 20. Re1 Ne5 21. f3 Qd3 22. Qxd3 Nxd3 23. Re2 Nxb2 24. Rxb2 Rc3 25. Re2 a6 26. Kf2 g6 *

[Event "58th Akiba Rubinstein D 2022"]
[Site "Polanica-Zdroj"]
[Date "2022.08.20"]
[Round "8.16"]
[White "Perek, Oskar"]
[Black "Pieczulis, Blazej"]
[Result "*"]
[ECO "A05"]
[WhiteElo "1555"]
[BlackElo "1720"]
[Annotator "NA RC"]
[PlyCount "36"]
[EventDate "2022.08.13"]
[EventCountry "POL"]
[SourceTitle "playchess.com"]
[Source "ChessBase"]
[SourceQuality "1"]
[TimeControl "40/5400+30:1800+30"]

1. Nf3 Nf6 2. g3 g6 3. Bg2 Bg7 4. O-O O-O 5. c4 c6 6. d4 d5 7. Nc3 Nbd7 8. Bf4 dxc4 9. e4 b5 10. e5 Nd5 11. Nd2 N7b6 12. Nde4 Nxf4 13. gxf4 a6 14. Nc5 Nd5 15. Nxd5 cxd5 16. b3 Bf5 17. a4 e6 18. axb5 axb5 *

[Event "58th Akiba Rubinstein D 2022"]
[Site "Polanica-Zdroj"]
[Date "2022.08.20"]
[Round "8.17"]
[White "Nowicki, Bartosz"]
[Black "Ursnik, Patryk"]
[Result "*"]
[ECO "B90"]
[WhiteElo "2291"]
[BlackElo "1671"]
[Annotator "TA"]
[PlyCount "55"]
[EventDate "2022.08.13"]
[EventCountry "POL"]
[SourceTitle "playchess.com"]
[Source "ChessBase"]
[SourceQuality "1"]
[TimeControl "40/5400+30:1800+30"]

1. e4 c5 2. Nf3 d6 3. d4 cxd4 4. Nxd4 Nf6 5. Nc3 a6 6. Be3 e5 7. Nb3 Be6 8. f3 Be7 9. Qd2 O-O 10. O-O-O Nbd7 11. g4 Nc5 (11... b5 $11) 12. h4 $16 {[%emt 0:05:39][%cal Bh2h4,Bh4h5][%mdl 32] B90: Sicilian Najdorf: Unusual White 6th moves, 6 Be3 Ng4 and 6 Be3 e5.} b5 13. Nd5 (13. g5 $16 Nh5 14. Nxc5 dxc5 15. Nd5) 13... Bxd5 (13... Nxd5 $11 {keeps the balance.} 14. Bxc5 Nf4) 14. exd5 {[%emt 0:00:34] White is better.} Nxb3+ 15. axb3 {[%emt 0:00:01] [#]} Qc7 $146 ({Predecessor:} 15... a5 16. Bxb5 Qc7 17. g5 Nd7 18. g6 f5 19. gxh7+ Kxh7 20. Bc6 Rac8 21. Rdg1 Rg8 22. f4 e4 23. Qg2 Nf6 24. Qg6+ Kh8 25. h5 {1-0 (25) Vozarova,A (1633)-Buran,A (1627) Slovakia 2016}) 16. h5 Rfc8 (16... Nd7 $14) 17. Rh2 Rf8 (17... Rcb8 $16) 18. Rh1 Rfc8 $1 {[%emt 0:01:00][%cal Of6d5] [#]} 19. Rh2 (19. Kb1 $1 $16) 19... Nd7 (19... Rf8 $1 $11) 20. g5 $14 {[%emt 0:04:36] White is more active.} Nc5 (20... Rcb8 $16) 21. Kb1 $18 Nd7 (21... a5 $142 22. Bxb5 Rab8) 22. Kc1 $2 (22. g6 $18) 22... Nc5 $14 {[%emt 0:00:19] [#] Threatens to win with ...Nxb3+.} 23. Kb1 $2 (23. Qe1 $14) 23... Nd7 $1 $18 24. Kc1 $2 (24. g6 $18) 24... Nc5 $16 {[%emt 0:00:19] And now ...Nxb3+ would win.} 25. Kb1 $2 (25. Qe1 $16) 25... Nd7 $1 $18 26. Kc1 $2 (26. g6 $18 {is more deadly.}) 26... Nc5 $16 {[%emt 0:00:19] aiming for ...Nxb3+.} 27. Kb1 ({White should try} 27. Qe1 $16) 27... Bf8 $2 (27... Nd7 $1 $11) 28. g6 {[%emt 0:04:51] Weighted Error Value: White=0.96/Black=0.40} *

[Event "58th Akiba Rubinstein D 2022"]
[Site "Polanica-Zdroj"]
[Date "2022.08.20"]
[Round "8.18"]
[White "Bialik, Nikodem"]
[Black "Kopestynski, Michal"]
[Result "1/2-1/2"]
[ECO "B20"]
[WhiteElo "1638"]
[BlackElo "1554"]
[Annotator "NA RC"]
[PlyCount "77"]
[EventDate "2022.08.13"]
[EventCountry "POL"]
[SourceTitle "playchess.com"]
[Source "ChessBase"]
[SourceQuality "1"]
[TimeControl "40/5400+30:1800+30"]

1. e4 c5 2. a3 g6 3. b4 Bg7 4. c3 cxb4 5. axb4 d5 6. exd5 Qxd5 7. Nf3 Nf6 8. d4 O-O 9. Bd3 Bg4 10. O-O Bxf3 11. Qxf3 Qxf3 12. gxf3 Nbd7 13. Re1 Nd5 14. Bd2 e6 15. Na3 a6 16. Rab1 Rac8 17. c4 N5b6 18. Be3 Rfd8 19. b5 axb5 20. Rxb5 Ra8 21. Nc2 Rac8 22. Na3 Ra8 23. Nc2 Rac8 24. c5 Nd5 25. Be4 N5b6 26. Bd3 Nd5 27. Be4 b6 28. Bxd5 exd5 29. Nb4 bxc5 30. Nxd5 Bf8 31. Nb4 Bg7 32. Nd5 Bf8 33. Bg5 Bg7 34. Be3 Bf8 35. Bg5 f6 36. Nxf6+ Nxf6 37. Bxf6 Rd6 38. Be5 Rd7 39. dxc5 1/2-1/2

[Event "58th Akiba Rubinstein D 2022"]
[Site "Polanica-Zdroj"]
[Date "2022.08.20"]
[Round "8.19"]
[White "Urbanski, Wojciech"]
[Black "Perucki, Maciej"]
[Result "1/2-1/2"]
[ECO "B33"]
[WhiteElo "1632"]
[BlackElo "1449"]
[Annotator "NA RC"]
[PlyCount "38"]
[EventDate "2022.08.13"]
[EventCountry "POL"]
[SourceTitle "playchess.com"]
[Source "ChessBase"]
[SourceQuality "1"]
[TimeControl "40/5400+30:1800+30"]

1. e4 c5 2. Nf3 Nc6 3. d4 cxd4 4. Nxd4 Nf6 5. Nc3 e5 6. Ndb5 d6 7. Bg5 a6 8. Na3 b5 9. Nd5 Qa5+ 10. Bd2 Qd8 11. Bg5 Qa5+ 12. Bd2 Qd8 13. Bg5 Qa5+ 14. Nc3 Qd8 15. Nd5 Qa5+ 16. Bd2 Qd8 17. Bg5 Qa5+ 18. Bd2 Qd8 19. Bg5 Qa5+ 1/2-1/2